 Dungeon Crawl Stone Soup version 0.16.1-30-g34a7ffa (webtiles) character file.

133 RepoMan the Magician (level 5, -2/37 (38) HPs)
             Began as a Ghoul Wizard on June 23, 2015.
             Killed by divine providence
             ... invoked by an orc priest
              (11 damage)
             ... on level 3 of the Dungeon.
             The game lasted 00:21:39 (3282 turns).

RepoMan the Magician (Ghoul Wizard)                 Turns: 3282, Time: 00:21:39

HP:   -2/37 (38)    AC:  2    Str: 11    XL:     5   Next: 16%
MP:   5/10          EV: 11    Int: 19    God:
Gold: 88            SH:  0    Dex:  7    Spells: 3 memorised, 6 levels left

rFire  . . .     SeeInvis .     (no weapon)
rCold  + . .     Clarity  .     g - +0 robe
rNeg   + + +     SustAb   .     (no shield)
rPois  ∞         Gourm    .     b - +0 hat
rElec  .         Spirit   .     (no cloak)
rCorr  .         Warding  .     (no gloves)
rMut   .         Stasis   .     (no boots)
MR     .....                    (no amulet)
Stlth  ++........               (no ring)
                                (no ring)

@: brilliant, very slightly contaminated, rotting, not resistant to hostile
enchantments, unstealthy
A: rotting body, claws 1, carnivore 3, cold resistance 1, negative energy
resistance 3, poison resistance, slow healing 1, torment resistance, unbreathing
a: no special abilities


You were on level 3 of the Dungeon.
You were not hungry.

You visited 1 branch of the dungeon, and saw 3 of its levels.

You collected 88 gold pieces.

Inventory:

Hand weapons
 f - a +1 dagger of venom
 q - a +2 morningstar of protection
Armour
 b - a +0 hat (worn)
 g - a +0 robe (worn)
Magical devices
 a - a wand of polymorph (5)
Scrolls
 e - 3 scrolls of teleportation {unknown}
 h - a scroll of random uselessness {unknown}
 i - a scroll of identify {unknown}
 k - 2 scrolls of recharging {unknown}
 l - 3 scrolls of noise {unknown}
 o - a scroll of fog {unknown}
 p - a scroll of amnesia {unknown}
Potions
 d - a potion of restore abilities
 j - a potion of brilliance
 m - a potion of resistance {unknown}
 n - a potion of curing {unknown}
Books
 c - a book of Minor Magic

   Spells                             Type                      Level
   a - Magic Dart                     Conjuration                  1
   b - Blink                          Translocation                2
   c - Call Imp                       Summoning                    2
   d - Repel Missiles                 Charms/Air                   2
   e - Slow                           Hexes                        2
   f - Conjure Flame                  Conjuration/Fire             3
   g - Mephitic Cloud                 Conjuration/Poison/Air       3


   Skills:
 - Level 1.7 Dodging
 - Level 2.1 Stealth
 + Level 3.6 Spellcasting
 * Level 3.1 Conjurations
 - Level 0.8 Summonings
 - Level 0.8 Translocations


You had 6 spell levels left.
You knew the following spells:

 Your Spells              Type           Power        Failure   Level  Hunger
a - Magic Dart            Conj           ####         1%          1    None
b - Blink                 Tloc           N/A          2%          2    ##.....
c - Call Imp              Summ           ###.....     2%          2    ##.....


Dungeon Overview and Level Annotations

Branches:
Dungeon (3/15)

Altars:
Sif Muna


Innate Abilities, Weirdness & Mutations

Your body is rotting away.
You thrive on raw meat.
You have sharp fingernails.
You are carnivorous and can eat meat at any time.
Your flesh is cold resistant.
You are immune to negative energy.
Your system is resistant to poisons.
You heal slowly when monsters are visible.
You are immune to unholy pain and torment.
You can survive without breathing.


Message History

Press: ? - help, Dir - move target cursor, f/p - orc priest
Aim: an orc priest, wielding a mace (moderately wounded) Attack!
The orc priest calls down the wrath of Beogh upon you.
Something smites you!
* * * LOW HITPOINT WARNING * * *
The orc priest hits your crimson imp with a mace!
Your crimson imp hits the orc priest. x2
Drink which item? (? for menu, Esc to quit)
It was a potion of restore abilities.
You feel refreshed.
The orc closely misses your crimson imp.
The orc priest barely misses your crimson imp.
Your crimson imp misses the orc priest.
Your crimson imp blinks!
Drink which item? (? for menu, Esc to quit)
It was a potion of brilliance.
You feel clever all of a sudden.
The orc priest calls down the wrath of Beogh upon you.
Something smites you!
You die...

...#..# ##..P. #.#o.#
##### #....# .#
#.#..#+##..#
#####.#..........
....#.#.o5.......
.....#oo..##+##.
#..#o#### #...@# #..#.#
#....###########. #
#.##....)......... ..
#.###(##.##.....#. (#
####........#........#..
##..#...#.....#.....##..#
#.......#####...#####..##
#....#..# ###)......##.


You could see 2 orc priests, 3 orcs and a friendly crimson imp.

Vanquished Creatures
  An orc wizard (D:3)
  4 adders (D:2)
  A ball python (D:2)
  6 bats
  5 goblins
  8 hobgoblins
  2 jackals (D:2)
  7 kobolds
  A quokka (D:2)
  2 giant cockroaches
  3 giant geckos
  3 giant newts
  9 rats
52 creatures vanquished.

Vanquished Creatures (collateral kills)
  Jessica (D:2)
  Terence (D:3)
  An adder (D:2)
  A worm (D:3)
4 creatures vanquished.

Vanquished Creatures (others)
  A shadow imp (D:3)
1 creature vanquished.

Grand Total: 57 creatures vanquished

Notes
Turn   | Place    | Note
--------------------------------------------------------------
     0 | D:1      | RepoMan, the Ghoul Wizard, began the quest for the Orb.
     0 | D:1      | Reached XP level 1. HP: 14/14 MP: 3/3
    72 | D:1      | Reached skill level 1 in Conjurations
   411 | D:1      | Reached XP level 2. HP: 20/20 MP: 0/5
   415 | D:1      | Learned a level 2 spell: Blink
   418 | D:1      | Learned a level 2 spell: Call Imp
  1090 | D:1      | Reached skill level 3 in Spellcasting
  1398 | D:2      | Reached XP level 3. HP: 26/26 MP: 3/7
  2124 | D:2      | Noticed Jessica
  2156 | D:2      | Killed Jessica
  2156 | D:2      | Reached XP level 4. HP: 33/33 MP: 1/8
  2921 | D:3      | Reached XP level 5. HP: 38/38 MP: 5/10
  2933 | D:3      | Found a deep blue altar of Sif Muna.
  3099 | D:3      | Noticed Terence
  3108 | D:3      | Killed Terence
  3282 | D:3      | Killed from afar by an orc priest

Action                   |  1- 3 |  4- 6 || total
-------------------------+-------+-------++-------
Melee: Unarmed           |    45 |    19 ||    64
 Cast: Magic Dart        |    90 |    43 ||   133
       Call Imp          |     2 |    10 ||    12
  Use: Potion            |       |     2 ||     2
  Eat: Chunk             |     7 |     5 ||    12
